[Event "E Women's Candidates Tournament 2022"]
[Site "Chess.com"]
[Date "2022.11.05"]
[Round "2"]
[White "Lei, Tingjie"]
[Black "Muzychuk, Anna"]
[Result "1-0"]
[WhiteElo "2535"]
[BlackElo "2534"]
[ECO "D85"]
[EventDate "2022.??.??"]
[Annotator "rafael"]
[PlyCount "83"]
[Beauty "7560484620809"]
[EventType "team-tourn"]
[EventCountry "FID"]
[TimeControl "5400+30"]

1.d4 Nf6 2.c4 g6 3.Nc3 d5 4.cxd5 Nxd5 5.e4 Nxc3 6.bxc3 Bg7 7.Qa4+ {The Grunfeld Defense is probably the toughest variation against 1.d4. This move is one of many possible attempts to confuse the opponent. While it's impossible to prove a scientific advantage, at least White can try to pose practical problems. This strategy will succeed in the present game.} 7...Nd7 ( 7...Qd7 {is also a popular move.} ) 8.Nf3 O-O 9.Be2 Nb6 {This is the first important moment for opening theory. 9...c5 is also possible and was played in 2019 in a game of the highest caliber. But the move played is an even better way to equalize.} ( 9...c5 10.O-O ( 10.Qc2 Qc7 11.d5 Ne5 12.O-O Nxf3+ 13.Bxf3 c4 14.Bg5 h6 15.Be3 b5 {Lei Tingjie (2444)-Li,Y (1916) China C $146 2015} ) 10...Nb6 ( 10...cxd4 11.cxd4 Nc5 {This might be dangerous for Black, since White's compensation for the exchange looks threatening after} 12.dxc5 $1 Bxa1 13.e5 ) 11.Qa3 cxd4 12.cxd4 Bg4 {Black eventually managed to equalize, although it's always possible to look for improvements.} 13.Rd1 Bxf3 14.Bxf3 Bxd4 15.e5 Nc4 16.Qb4 Rc8 17.Bh6 Bxa1 18.Rxd8 Rfxd8 19.e6 Ne5 20.exf7+ Nxf7 21.Be3 {with a roughly equal position in Carlsen-Nepomniachtchi, St. Louis 2019.} ) 10.Qb4 Qd6 $1 11.O-O ( 11.Be3 {was tried in a recent super GM game.} 11...Qxb4 12.cxb4 Bd7 ( 12...f5 ) 13.Rc1 Rfc8 14.O-O a6 {followed by 15...Bb5, and the position is close to equal. Harikrishna-Shankland, Prague 2022.} ) 11...Bg4 $6 {This move is rightly criticized by GM Yermolinsky in his analysis of the game Inarkiev-Li Chao.} ( 11...Qxb4 12.cxb4 Bg4 {This is probably the best way to get an equal game.} ( 12...Bd7 {is also possible:} 13.Be3 Bc6 14.Nd2 a6 15.Rac1 e6 {with equality. Suleymenov-Vakhidov, Tashkent 2021.} ) 13.Be3 Rfd8 14.Rfd1 f5 {and Black is fine.} ( 14...c6 {is also good.} ) ) 12.Qb3 $1 {Avoiding the queen exchange.} 12...Be6 {The first new move of the game. It looks strange to go back with the bishop, but Black is luring White into playing d4-d5, as this will increase the scope of the g7-bishop.} ( 12...c6 $6 13.Rd1 Qc7 14.Ba3 {with a clear advantage for White in Inarkiev-Li, Palma de Mallorca 2017.} ) ( 12...c5 13.Ba3 Qc6 {is suggested by Yermolinsky as a better try. A possible continuation is:} 14.Bxc5 ( 14.d5 Qa4 $1 ) 14...Na4 $1 ( 14...Qxe4 $6 15.Rfe1 {White is clearly better.} ) 15.Bxe7 Nxc3 16.Bc4 Bxf3 17.Bxf8 Rxf8 18.Qxc3 Be2 $1 ( 18...Bxe4 19.Qb3 Bxd4 20.Rad1 {With winning chances for White.} ) 19.Rfc1 Rc8 20.Bxe2 Qxc3 21.Rxc3 Rxc3 {with drawing chances for Black due to the presence of opposite-colored bishops.} ) 13.d5 Bg4 14.h3 $6 {This is not the most accurate. White can fight for an advantage with 14.Rb1 or 14.Rd1.} ( 14.Rb1 $1 {This is my favorite move, preparing to play c2-c4, with a comfortable advantage.} ) ( 14.Rd1 ) 14...Bxf3 15.Bxf3 c6 16.Ba3 Qc7 $6 {Too passive. Muzychuk misses the chance to setup a battery with queen and bishop that threatens the white king. Of course, it's always easy to decide on such matters with an engine turned on, as there is an important and difficult to find detail in the following variation.} ( 16...Qf4 $1 17.Bxe7 Be5 18.Rfd1 Qh2+ 19.Kf1 Rfe8 20.d6 {The previous moves are natural, but now Black must find an incredibly difficult resource to stay alive.} 20...Nd5 $3 {This move saves the day.} 21.exd5 ( 21.g3 Bxg3 $1 22.fxg3 Ne3+ 23.Ke1 Nc2+ 24.Kf1 Ne3+ {with perpetual check.} ) 21...Bxd6 22.g3 ( 22.Bxd6 $4 Qh1# ) 22...Rxe7 23.dxc6 Bc5 24.Rd2 bxc6 25.Bxc6 Qxh3+ 26.Bg2 Qh6 $1 {and Black solves all the problems.} ) 17.Rae1 $5 {A subtle move, anticipating the capture on d5. However, this is not the best attempt.} ( 17.Rac1 cxd5 18.exd5 Nc4 19.Bxe7 $1 {White wins a pawn, but Black has considerable drawing chances.} 19...Qxe7 ( 19...Nd2 {is worse:} 20.d6 $1 Nxb3 21.dxc7 Nxc1 22.Bxf8 Rxf8 23.Bxb7 Ne2+ 24.Kh1 Nxc3 25.c8=Q Rxc8 26.Bxc8 Nxa2 27.Rd1 {with excellent winning chances for White in the endgame.} ) ( 19...Rfe8 20.d6 Nxd6 21.Bxd6 Qxd6 22.Qxb7 Rac8 $16 ) 20.Qxc4 Rac8 21.Qb3 b6 {With opposite-colored bishops and a good blockade, Black can be confident in achieving a draw.} ) 17...cxd5 ( 17...c5 $6 18.c4 {This type of position is a nightmare for Black. White will slowly prepare to advance pawns on the kingside and should eventually win.} ) ( 17...Be5 $5 18.c4 cxd5 19.cxd5 Nc4 20.Bc1 ( 20.Rc1 b5 $1 ) 20...a5 {Black's position is playable.} ) 18.exd5 Bf6 ( 18...Rfe8 $2 {is a blunder:} 19.Rxe7 $1 Rxe7 20.d6 {and White wins.} ) ( 18...Be5 $1 {This is the best move, preparing a blockade with Bd6. Maybe Muzychuk was afraid of an exchange sacrifice, but it's not clear whether White gets an advantage with it.} 19.Rxe5 $5 Qxe5 20.c4 Rac8 21.c5 Nd7 {and Black is alive, for instance:} 22.Rc1 ( 22.c6 bxc6 23.dxc6 Nf6 ) 22...Qd4 $1 ) 19.Re4 $5 {A nice move, preparing to double rooks on the e-file and also supporting the advance of c3-c4. Moves with more than one idea are usually the best in chess, unless you analyze the position deeply with the computer. The machine crushes all dreams of a logical explanation and usually shows the way to equalize, no matter what.} ( 19.c4 $5 {Is an interesting try.} 19...Qxc4 ( 19...Nxc4 20.Rc1 b5 ( 20...Rac8 $2 21.Bg4 ) 21.d6 $1 exd6 22.Bxa8 Rxa8 23.Bb2 Bxb2 24.Qxb2 {And the computer is happy with White's winning chances.} ) 20.Bxe7 Qxb3 21.axb3 Bxe7 22.Rxe7 Rab8 {Black is slightly worse in this endgame, but it should be a draw with perfect play.} ) 19...Rfc8 $2 ( 19...Nc8 $1 {is an important move and the only to fight for equality. It's necessary to prepare a blockade on the dark squares before White starts advancing the c-pawn.} 20.Rc4 ( 20.c4 Nd6 ) 20...Qb8 21.Re1 Nd6 22.Rf4 {Black has not solved all the problems, but this is much better than what happened in the game.} ) 20.Bg4 $1 Rd8 ( 20...Nc4 {Sacrificing the exchange is a better practical chance, although the compensation is not enough to save the game.} 21.Bxc8 Rxc8 22.Bc1 ) 21.c4 {Now White is positionally winning. Lei has everything she could ever dream of achieving against the Grunfeld: bishop pair, more space, and moving pawns.} 21...h5 22.Be2 Rac8 23.Re1 ( 23.Qe3 {is also very good.} 23...Re8 24.Rd1 Rcd8 25.g4 $1 ) 23...Rd7 ( 23...Nd7 $5 {This is the last time I recommend a saving attempt for Black. When things are not going your way, you should desperately try to change the trend of the game, even if it's necessary to sacrifice material.} 24.g4 $1 {The most precise.} ( 24.Bxe7 {Black's idea can be seen in this line:} 24...Nc5 25.Bxc5 Qxc5 26.Qxb7 Rb8 27.Qc6 Bd4 {With drawing chances due to the blockade on the dark squares.} ) 24...h4 ( 24...hxg4 25.Bxg4 $18 ) 25.Rxe7 $1 Bxe7 26.Bxe7 Re8 27.d6 {With a winning position. But at least White's moves are not easy to find.} ) 24.g4 $1 {A lovely move. I enjoy these pawn advances in front of the king very much, since they usually come as a surprise.} 24...h4 ( 24...hxg4 25.Bxg4 ) 25.Qe3 ( 25.g5 {leads to a computer-like win. I'm showing this only to delight the reader, but notice that during the game you should try to find the simplest possible win. In this practical sense, Lei's move is better.} 25...Bxg5 26.Bg4 f5 27.Re6 $1 Bf6 ( 27...fxg4 28.Rxg6+ ) ( 27...Kf7 28.Bxf5 $1 {Thanks, Stockfish.} 28...gxf5 29.Qf3 Rg8 30.Qxf5+ Bf6+ 31.Kh1 {with a decisive attack.} ) 28.c5 Nxd5 29.Bf3 Rcd8 30.Rd1 {White wins material.} ) 25...g5 {Necessary, in order to avoid 26. g4-g5.} 26.Bd3 {Now the e7-pawn falls.} 26...Na4 ( 26...Re8 27.d6 $18 ) ( 26...Kf8 27.Qf3 $18 ) 27.Bxe7 {The simplest.} ( 27.Qf3 {also wins, neglecting material in order to start a mating attack using the weaknesses on the light squares surrounding Black's king.} 27...Nc5 28.Bxc5 Qxc5 29.Qf5 Rcc7 30.R4e3 Kf8 31.Qh7 Rd6 32.Rf3 Bg7 33.Re6 $1 {and Black has no defense against (among many things) the threat of 34.Bg6.} ) 27...Rxe7 28.Rxe7 Qxe7 29.Qxe7 Bxe7 30.Rxe7 Nc5 31.Bf5 Kf8 ( 31...Rd8 32.Rc7 $18 ) 32.Rxf7+ $1 Kxf7 33.Bxc8 {White is two pawns up, and the rest is easy.} 33...b6 34.Bf5 Kf6 35.d6 Nb7 36.d7 Ke7 37.f4 gxf4 38.Kf2 Nd6 39.Kf3 Nxc4 40.Kxf4 Nd6 41.g5 Nb7 42.Ke4 1-0

[Event "E Women's Candidates Tournament 2022"]
[Site "Chess.com"]
[Date "2022.11.10"]
[Round "2"]
[White "Tan, Zhongyi"]
[Black "Goryachkina, Aleksandra"]
[Result "1-0"]
[WhiteElo "2518"]
[BlackElo "2584"]
[ECO "D52"]
[EventDate "2022.??.??"]
[Annotator "rafael"]
[PlyCount "79"]
[Beauty "7697005025290"]
[EventType "team-tourn"]
[EventCountry "FID"]
[TimeControl "5400+30"]

1.d4 d5 2.c4 c6 3.Nf3 Nf6 4.Nc3 e6 5.Bg5 Nbd7 6.e3 Qa5 {The Cambridge-Springs Variation is a more solid choice for Black than the complications of the Botvinnik System with 6...dxc4. For those interested in classic games with this system, I suggest studying games 7, 9 and 11 of the match Capablanca vs. Alekhine.} 7.cxd5 ( 7.Nd2 {is also a popular choice.} ) 7...Nxd5 8.Rc1 h6 {It's usually difficult to know if the ...h6 move is useful; I have doubts about this in several defenses. Many players prefer to take on c3 right away. Others choose 8...Bb4.} ( 8...Nxc3 9.bxc3 Ba3 10.Rc2 b6 {is similar to the game.} ) ( 8...Bb4 9.a3 Bxc3+ ( 9...Nxc3 10.axb4 $1 ) 10.bxc3 {with a complicated fight ahead.} ) 9.Bh4 Nxc3 10.bxc3 Ba3 11.Rc2 b6 $1 {[%c_effect b6;square;b6;type;GreatFind;persistent;true] This plan is essential for Black: playing the bishop to a6 and simplifying the position a bit.} 12.Nd2 $5 {[%c_effect d2;square;d2;type;Interesting;persistent;true] A relatively rare move, but one that has been tried in some correspondence games.} ( 12.Be2 Ba6 13.O-O Bxe2 14.Rxe2 O-O 15.c4 {leads to a typical middlegame for this variation. Black is solid, but White has more space. Ding-Duda, Goldmoney (rapid) 2021} ) 12...Ba6 13.c4 {The most natural move.} ( 13.Nc4 Qa4 ) ( 13.Bc4 O-O 14.O-O c5 {In the only game played in this position, the GM of White tried an interesting quality sacrifice with} 15.d5 $5 exd5 16.Bxd5 Bxf1 17.Nxf1 {with the idea of bringing the knight to the kingside and creating an attack since Black's queen and bishop are out of play. This worked in the game, but the computer always finds some path to equality. Iturrizaga Bonelli-Ghazarian, Castelldefels 2021.} ) 13...O-O ( 13...Be7 $5 14.Bxe7 Kxe7 15.Be2 c5 16.O-O cxd4 17.exd4 Rhd8 {with a roughly equal position in Barkov-Martynov, ICCF email 2017.} ) 14.Bd3 c5 15.O-O cxd4 16.exd4 Rfe8 17.Qe2 Rac8 $6 {[%c_effect c8;square;c8;type;Inaccuracy;persistent;true] This move is inaccurate and leads to problems. The correct path is shown in one of the correspondence games.} ( 17...Bb4 $1 18.Rd1 Rac8 {with equality in Haapamaeki-Raivio, ICCF email 2018.} ) 18.c5 $1 {[%c_effect c5;square;c5;type;GreatFind;persistent;true] There are two possible doubles for the d2-knight: one on c4 and one on d6.} 18...Qa4 $6 {[%c_effect a4;square;a4;type;Inaccuracy;persistent;true] This move makes things worse.} ( 18...Nb8 {is also not enough:} 19.Ne4 $1 {[%c_effect e4;square;e4;type;GreatFind;persistent;true] A strong computer suggestion.} ( 19.Bxa6 Qxa6 20.Qxa6 Nxa6 21.Nc4 Bxc5 22.dxc5 Rxc5 {Black has some drawing chances.} ) 19...Bxd3 20.Qxd3 {The point is that Black cannot capture on c5:} 20...bxc5 21.Nf6+ $1 gxf6 22.Bxf6 {with a decisive attack.} ) ( 18...Bxd3 19.Qxd3 Bb4 $1 {[%c_effect b4;square;b4;type;GreatFind;persistent;true] This move is probably what Goryachkina missed.} ( 19...b5 $6 20.Ne4 ) ( 19...bxc5 20.Nc4 Qa6 21.Qxa3 Qxa3 22.Nxa3 cxd4 23.Rfc1 {with good winning chances for White.} ) 20.Nc4 Qa6 21.a3 Ba5 ( 21...bxc5 $5 22.axb4 cxb4 {is also possible. This a better version for Black of the piece sacrifice that occurs in many lines.} ) 22.Qb3 $1 bxc5 23.Qa4 Nb6 $1 24.Qxa5 Qxa5 25.Nxa5 cxd4 {Black has two pawns for the piece and drawing chances, although White is happy with this position.} ) 19.Bxa6 Qxc2 20.Bxc8 Rxc8 21.Qa6 $1 {[%c_effect a6;square;a6;type;GreatFind;persistent;true] A very unpleasant move. Black has no good squares for the rook.} 21...Rc7 ( 21...Rb8 22.c6 $1 Qxc6 23.Qxa3 {wins a piece.} ) ( 21...Ra8 22.Qb7 Rf8 23.Qxd7 Qxd2 24.c6 {and the c-pawn decides the game.} ) ( 21...Re8 22.Qb5 $1 Qxd2 23.Qxd7 {again followed by the advance of the c-pawn.} ) ( 21...Rf8 22.Qxa3 ( 22.Nf3 {is probably even better.} ) 22...Qxd2 23.c6 Qxd4 24.cxd7 Qxd7 {This endgame is winning for White.} ) 22.Bg3 $6 ( 22.Bd8 $1 {[%c_effect d8;square;d8;type;GreatFind;persistent;true] This is a better way to convert the advantage.} 22...Nb8 ( 22...Nxc5 23.dxc5 Rxc5 24.Nb3 Rd5 25.Qxa3 Rxd8 26.Qxa7 {with a winning position.} ) ( 22...Rc6 23.Qb7 $1 {[%c_effect b7;square;b7;type;GreatFind;persistent;true] Black loses material.} ) 23.Qxa3 Rc8 24.Qxa7 Rxd8 ( 24...Qxd2 {doesn't solve the problems.} 25.Bxb6 Qxd4 26.c6 $1 ) 25.Qxb6 Rf8 26.Nf3 Qxa2 27.Ne5 {with an easily winning endgame a pawn up.} ) 22...e5 23.Nf3 $1 {[%c_effect f3;square;f3;type;GreatFind;persistent;true] The best.} ( 23.Nc4 $2 Qd3 $1 ) 23...Bxc5 $1 {[%c_effect c5;square;c5;type;GreatFind;persistent;true] Black has to sacrifice a piece.} ( 23...Qxa2 24.Nxe5 Nxe5 25.Bxe5 {and White wins since Black's pieces are poorly placed and the c-pawn is ready to advance.} ) 24.dxc5 Nxc5 25.Qa3 f6 {Let's pause and assess the position. White has a material advantage (bishop for two pawns), but it is not easy to convert: the bishop on g3 is not good.} 26.Rc1 Qg6 27.Nh4 {I don't like this move. A knight on the rim is dim, someone said.} ( 27.h3 {I'd rather play a simple move giving some air for the king.} ) 27...Qf7 ( 27...Qe4 {is an interesting alternative.} ) 28.Rd1 ( 28.f4 $5 {[%c_effect f4;square;f4;type;Interesting;persistent;true] Maybe this is a better way to justify White's previous move.} ) 28...Rd7 29.Rxd7 Qxd7 30.h3 e4 $1 {[%c_effect e4;square;e4;type;GreatFind;persistent;true] Now the h4-knight is in trouble. Black prepares g5.} 31.Bb8 $1 {[%c_effect b8;square;b8;type;GreatFind;persistent;true] A very good, practical decision. White gives back material to capture Black's queenside. The computer suggestion is absurd for a human.} ( 31.Ng6 Kf7 32.Nf4 g5 {Every time I analyze games for the Game of the Day, I go through the game on my physical board, thinking about what happened and writing some notes. Only after that I check the game with the computer. I analyzed this variation and stopped here, since the knight is lost. But the machine continues.} 33.Ne2 $1 Qd1+ 34.Kh2 Qxe2 35.Qxa7+ Kg6 36.Qxb6 {Somehow the computer is happy with this position for White. Not very human.} ) 31...g5 ( 31...a5 32.g4 $1 {[%c_effect g4;square;g4;type;GreatFind;persistent;true] And now h4-knight is no longer in danger.} ) 32.Qxa7 gxh4 $6 {[%c_effect h4;square;h4;type;Inaccuracy;persistent;true] Now Black is in deep trouble again.} ( 32...Qxa7 {leads to an endgame that is probably winning for White after} 33.Bxa7 gxh4 34.Bxb6 Na6 35.Kf1 Kf7 36.Ke2 Ke6 37.a4 {with bishop against knight, the passed a-pawn, and the weaknesses on the kingside, I believe White is going to win.} ) ( 32...Qe6 $1 {[%c_effect e6;square;e6;type;GreatFind;persistent;true] This subtle move is the best.} 33.Ng6 Nd7 {It turns out the knight is lost anyway.} 34.Nf4 ( 34.h4 {This attempt to defend the knight doesn't work.} 34...Kg7 35.h5 Qd5 {and Black is ready to play Qd1 with a draw.} ) 34...gxf4 35.Bxf4 {White still has some advantage in this endgame, but the drawing chances are good.} ) 33.Qxb6 Ne6 ( 33...e3 $1 {[%c_effect e3;square;e3;type;GreatFind;persistent;true] is a desperate attempt to activate the knight and generate some counterplay.} 34.fxe3 Ne4 ) 34.a4 {The a-pawn decides the game. White's moves are easy now.} 34...Kf7 35.a5 Nd4 36.Qc7 $1 {[%c_effect c7;square;c7;type;GreatFind;persistent;true] Not allowing the counterplay after} ( 36.a6 Ne2+ 37.Kh2 Qd1 {Even though White is probably still winning after} 38.f3 ) 36...Ke8 37.Qc4 Qb7 38.Qg8+ {Winning material and the match.} 38...Kd7 39.Qf7+ Kc6 ( 39...Kc8 40.Qe8# ) 40.Qc4+ 1-0